 Dungeon Crawl Stone Soup version 0.28-a0-1567-g1695149f81 (webtiles) character file.

Game seed: 6663736891380646098

446 Strat the Destroyer (level 6, -2/47 HPs)
             Began as a Draconian Conjurer on Jan 19, 2022.
             Slain by a phantom (7 damage)
             ... on level 4 of the Dungeon.
             The game lasted 00:06:40 (4720 turns).

Strat the Destroyer (Draconian Conjurer)            Turns: 4720, Time: 00:06:41

Health: -2/47      AC:  6    Str:  9    XL:     6   Next: 73%
Magic:  1/9        EV: 12    Int: 20    God:
Gold:   184        SH:  0    Dex: 10    Spells: 4/9 levels left

rFire   . . .      SeeInvis .   a - +0 short sword
rCold   . . .      Faith    .   (no shield)
rNeg    . . .      Spirit   .   (armour unavailable)
rPois   .          Reflect  .   (helmet restricted)
rElec   .          Harm     .   (no cloak)
rCorr   .          Rampage  .   (no gloves)
Will    .....                   (no boots)
Stlth   ++........              (no amulet)
HPRegen 0.15/turn               (no ring)
MPRegen 0.11/turn               (no ring)

@: no status effects
A: AC +6, unfitting armour, cold-blooded
a: no special abilities


You were on level 4 of the Dungeon.
You visited 1 branch of the dungeon, and saw 4 of its levels.

You collected 184 gold pieces.

Inventory:

Hand Weapons
 a - a +0 short sword (weapon)
 c - a +0 club
 d - a +0 whip
 l - a +0 flail
Missiles
 f - 97 stones
 k - 2 throwing nets
Magical Staves
 j - a staff of poison
Scrolls
 e - 3 scrolls of amnesia {unknown}
 h - a scroll of summoning {unknown}
 i - a scroll of enchant weapon {unknown}
 n - a scroll of vulnerability {unknown}
Potions
 b - a potion of mutation {unknown}
 g - a potion of curing {unknown}
 m - a potion of degeneration {unknown}


   Skills:
 + Level 1.0 Fighting
 + Level 2.1 Dodging
 - Level 1.7 Stealth
 - Level 2.0 Spellcasting
 - Level 8.0 Conjurations


You had 4 spell levels left.
You knew the following spells:

 Your Spells              Type           Power      Damage    Failure   Level
a - Magic Dart            Conj           100%       1d8       1%          1
b - Searing Ray           Conj           68%        2d6       1%          2
c - Blink                 Tloc           4%         N/A       24%         2

Your spell library contained the following spells:

 Spells                   Type           Power      Damage    Failure   Level
 Dazzling Flash           Conj/Hex       36%        N/A       9%          3
 Stone Arrow              Conj/Erth      36%        3d9       9%          3
 Sandblast                Erth           4%         2d4       16%         1
 Passwall                 Tmut/Erth      1%         N/A       24%         2
 Fulminant Prism          Conj/Hex       9%         3d7       30%         4
 Iskenderun's Mystic Bla  Conj/Tloc      18%        2d6       30%         4
 Lesser Beckoning         Tloc           2%         N/A       43%         3
 Manifold Assault         Tloc           2%         N/A       99%         5
 Starburst                Conj/Fire      9%         6d5       99%         6


Dungeon Overview and Level Annotations

Branches:
Dungeon (4/15)
 Temple: D:4-7

Altars:
Cheibriados
Fedhas
Hepliaklqana
Uskayaw
Yredelemnul

Shops:
D:4 =

Annotations:
D:3 1 runed translucent door


Innate Abilities, Weirdness & Mutations

Your plain brown scales are hard. (AC +6)
You cannot fit into any form of body armour.
You are cold-blooded and may be slowed by cold attacks.


Message History

You barely miss the phantom.
The phantom is severely damaged.
The phantom barely misses you.
You hit the phantom.
The phantom is severely damaged.
The phantom hits you.
* * * LOW HITPOINT WARNING * * *
The phantom blinks!
You blink.
You hit the phantom.
The phantom is almost destroyed.
The phantom hits you but does no damage.
You barely miss the phantom.
The phantom is almost destroyed.
The phantom hits you.
* * * LOW HITPOINT WARNING * * *
The phantom blinks!
You blink.
The phantom hits you.
* * * LOW HITPOINT WARNING * * *
The phantom hits you but does no damage.
You closely miss the phantom.
The phantom is almost destroyed.
The phantom hits you but does no damage.
You hit the phantom but do no damage.
The phantom is almost destroyed.
The phantom hits you!
* * * LOW HITPOINT WARNING * * *
You barely miss the phantom.
The phantom is almost destroyed.
The phantom hits you.
* * * LOW HITPOINT WARNING * * *
You hit the phantom.
The phantom is almost destroyed.
The phantom hits you but does no damage.
You barely miss the phantom.
You tail-slap the phantom, but do no damage.
The phantom is almost destroyed.
The phantom closely misses you.
You hit the phantom.
Your tail-slap misses the phantom.
The phantom is almost destroyed.
The phantom hits you!
You die...

.#.....≈....##.... .#..
......≈.≈..(...... #.#..
.....§...§..#....###....
....≈..∩..§........#....
.....≈...§..# #.........
......≈.§...###.........
..##...≈.....###........
.......@................
##....>.W.....#.........
###.##.......###.......
#. ##.......##....... #.
#........##....[. #
#.........##...[§.
.>............#)...
.#####....#...<[#..
#.###......#..


You could see a phantom.

Vanquished Creatures
  A necrophage (D:3)
  A scorpion (D:4)
  A human zombie (D:3)
  An orc priest (D:4)
  Natasha (twice) (D:2)
  2 orc wizards (D:4)
  4 gnolls
  3 adders (D:2)
  2 worms (D:3)
  2 dart slugs
  5 orcs
  4 ball pythons
  4 bats
  5 endoplasms
  2 giant cockroaches
  7 goblins
  4 hobgoblins
  5 jackals
  7 quokkas
  3 frilled lizards
  3 kobolds
  5 rats
73 creatures vanquished.

Notes
Turn   | Place    | Note
-------+----------+-------------------------------------------
     0 | D:1      | Strat the Draconian Conjurer began the quest for the Orb.
     0 | D:1      | Reached XP level 1. HP: 14/14 MP: 3/3
   213 | D:1      | Reached XP level 2. HP: 12/20 MP: 0/5
   936 | D:1      | Reached skill level 5 in Conjurations
   938 | D:1      | Reached XP level 3. HP: 26/26 MP: 1/6
  1019 | D:1      | Learned a level 2 spell: Searing Ray
  1022 | D:1      | Learned a level 2 spell: Blink
  1092 | D:1      | Found a faded altar of an unknown god.
  2070 | D:2      | Reached XP level 4. HP: 33/33 MP: 2/7
  2533 | D:2      | Reached skill level 6 in Conjurations
  2813 | D:2      | Noticed Natasha
  2819 | D:2      | Killed Natasha
  2957 | D:2      | Noticed Natasha
  2963 | D:2      | Killed Natasha
  2964 | D:2      | Reached XP level 5. HP: 38/38 MP: 2/8
  3236 | D:3      | Found a snail-covered altar of Cheibriados.
  3587 | D:3      | Found a runed translucent door.
  3587 | D:3      | Noticed a human
  3663 | D:3      | Found a basalt altar of Yredelemnul.
  3833 | D:3      | Found a hide-covered altar of Uskayaw.
  3835 | D:3      | Found a blossoming altar of Fedhas.
  3932 | D:3      | Found a hazy altar of Hepliaklqana.
  3994 | D:3      | Reached skill level 7 in Conjurations
  4237 | D:4      | Noticed an ogre
  4350 | D:4      | Noticed a necrophage
  4351 | D:4      | Reached XP level 6. HP: 45/45 MP: 4/9
  4587 | D:4      | Reached skill level 8 in Conjurations
  4587 | D:4      | Reached skill level 1 in Fighting
  4588 | D:4      | Found Oceoqy's Jewellery Shoppe.
  4720 | D:4      | Slain by a phantom

Illustrated notes

Levels and vault maps discovered:
D:1:      minmay_arrival_glassed_features, layout_basic,
          hellmonk_ecumenical_altar_dog_temple
D:2:      layout_loops_corners, uniq_natasha
D:3:      layout_basic, slow_altar_1, general_overflow_altar,
          dk_yredelemnul_ordeal, nicolae_overflow_hidden_temple,
          hangedman_abyss_or_decor_lesser_grid, st_stairs_6
D:4:      layout_cave_pools, minmay_temple_entry_junction, serial_shops,
          nicolae_diamond_shop

Skill      XL: |  1  2  3  4  5  6 |
---------------+-------------------+-----
Conjurations   | 5 6 7 8 |  8.0
Fighting       | 1 |  1.0
Dodging        | 2 |  2.1
Stealth        | |  1.7
Spellcasting   | |  2.0

Action                   |  1- 3 |  4- 6 || total
-------------------------+-------+-------++-------
Melee: Short sword       |    76 |    62 ||   138
       Club              |     2 |       ||     2
       Tailslap          |     7 |     7 ||    14
       Punch             |     1 |       ||     1
 Cast: Magic Dart        |    31 |     5 ||    36
       Searing Ray       |     2 |    24 ||    26
 Stab: Sleeping          |       |     1 ||     1
Armor: Skin              |    30 |    39 ||    69
Dodge: Dodged            |    63 |    62 ||   125

Table legend: (Time is in decaauts)
 A = Elapsed time spent in this place.
 B = Non-inter-level travel time spent in this place.
 C = Inter-level travel time spent in this place.
 D = Time resting spent in this place.
 E = Time spent auto-exploring this place.
 F = Levels seen in this place.
 G = Mean time per level.
                   A        B        C        D        E       F      G
               +--------+--------+--------+--------+--------+-----+--------+
         Total |   4746 |   4574 |    172 |   1278 |   2562 |   4 | 1186.5 |
       Dungeon |   4746 |   4574 |    172 |   1278 |   2562 |   4 | 1186.5 |
               +--------+--------+--------+--------+--------+-----+--------+

Top non-repeatable levels by time:
     D:2: 1667 daAuts
     D:3: 1548 daAuts
     D:1: 1436 daAuts
     D:4: 93 daAuts
